 Dungeon Crawl Stone Soup version 0.32-a0-961-gd60f5e5fc7 (webtiles) character file.

Game seed: 458556100558552326

149 DrKenneth the Trooper (level 5, -2/47 HPs)
             Began as a Minotaur Fighter on Apr 18, 2024.
             Slain by a gnoll
             ... wielding a +0 halberd
              (5 damage)
             ... on level 3 of the Dungeon.
             The game lasted 00:03:46 (1638 turns).

DrKenneth the Trooper (Minotaur Fighter)            Turns: 1638, Time: 00:03:47

Health: -2/47      AC:  7    Str: 23    XL:     5   Next: 9%
Magic:  4/4        EV:  8    Int:  5    God:
Gold:   90         SH:  4    Dex:  9    Spells: 4/4 levels left

rFire   . . .        a - +0 war axe
rCold   . . .        c - +0 buckler
rNeg    . . .        b - +0 scale mail
rPois   .            (helmet restricted)
rElec   .            (no cloak)
rCorr   .            (no gloves)
SInv    .            (no boots)
Will    .....        (no amulet) Stlth
                     (no ring)
HPRegen 0.27/turn    (no ring)
MPRegen 0.09/turn

%: no passive effects
@: no status effects
A: horns 2, retaliatory headbutt
a: no special abilities


You were on level 3 of the Dungeon.
You visited 1 branch of the dungeon, and saw 3 of its levels.

You collected 90 gold pieces.

Inventory:

Hand Weapons
 a - a +0 war axe (weapon)
Armour
 b - a +0 scale mail (worn)
 c - a +0 buckler (worn)
Scrolls
 e - a scroll of immolation {unknown}
 f - a scroll of fear {unknown}
 h - a scroll of identify {unknown}
 k - a scroll of teleportation
 l - a scroll of torment {unknown}
Potions
 d - a potion of might
 g - a potion of lignification {unknown}
 i - 2 potions of brilliance {unknown}
 j - 2 potions of curing {unknown}


   Skills:
 + Level 4.7 Fighting
 + Level 3.7 Axes
 + Level 4.7 Armour
 + Level 4.7 Shields


You had 4 spell levels left.
You didn't know any spells.
Your spell library contained the following spells:

 Spells                   Type           Power      Damage    Failure   Level
 Conjure Ball Lightning   Conj/Air       0%         3x3d6     100%        6
 Discord                  Hex            0%         N/A       100%        8
 Disjunction              Tloc           0%         N/A       100%        8


Dungeon Overview and Level Annotations

Branches:
Dungeon (3/15)

Altars:


Innate Abilities, Weirdness & Mutations

You have a pair of horns on your head.
You reflexively headbutt those who attack you in melee.


Message History

A ball python comes into view.
The orc throws a boomerang.
The boomerang closely misses you.
The gnoll hits you from afar with a +0 halberd.
You closely miss the gnoll. The gnoll hits you with a +0 flail.
You block the gnoll's attack.
The orc throws a boomerang.
The boomerang hits you.
You closely miss the gnoll.
You headbutt the gnoll, but do no damage.
The gnoll barely misses you. You furiously retaliate!
You headbutt the gnoll.
The gnoll hits you from afar with a +0 halberd!
The orc throws a boomerang.
The boomerang barely misses you.
You barely miss the gnoll. Your headbutt misses the gnoll.
The gnoll is heavily wounded.
You completely miss the gnoll. The gnoll hits you but does no damage.
The gnoll barely misses you. The gnoll hits you but does no damage.
A rat comes into view.
The gnoll hits you with a +0 club. The gnoll misses you.
The gnoll hits you with a +0 flail. The orc hits you but does no damage.
The rat squeaks loudly.
You slash the gnoll!
You kill the gnoll!
You hit the gnoll but do no damage. You hit the orc but do no damage.
The orc closely misses you. The gnoll barely misses you.
The gnoll hits you from afar with a +0 halberd.
You hit the orc. You headbutt the orc.
You kill the orc!
You closely miss the gnoll. You block the gnoll's attack. x2
You barely miss the gnoll. The gnoll hits you with a +0 club.
The gnoll hits you from afar with a +0 halberd!
* * * LOW HITPOINT WARNING * * *
The gnoll barely misses you. You furiously retaliate!
You headbutt the gnoll!
The gnoll hits you from afar with a +0 halberd.
* * * LOW HITPOINT WARNING * * *
You barely miss the gnoll.
The gnoll is severely wounded.
You block the gnoll's attack. x2
You slash the gnoll!
You kill the gnoll!
The gnoll hits you from afar with a +0 halberd.
You die...

# #. # #.
.####
#.####.....
#...#......
#..)......#
#.)@# #gS##
#r. #.. ...
.#.. ..#.#
.. ..


You could see a gnoll, a ball python and a rat.

Vanquished Creatures
  Robin (D:2)
  3 adders (D:2)
  2 gnolls (D:3)
  A dart slug (D:1)
  4 ribbon worms (D:2)
  An orc (D:3)
  5 ball pythons
  5 endoplasms
  5 giant cockroaches
  18 goblins
  7 hobgoblins
  4 jackals
  7 kobolds
  2 quokkas (D:1)
  6 bats
  3 frilled lizards
  9 rats
83 creatures vanquished.

Notes
Turn   | Place    | Note
-------+----------+-------------------------------------------
     0 | D:1      | DrKenneth the Minotaur Fighter began the quest for the Orb.
     0 | D:1      | Reached XP level 1. HP: 19/19 MP: 0/0
   229 | D:1      | Reached XP level 2. HP: 27/27 MP: 1/1
   322 | D:1      | Reached XP level 3. HP: 33/33 MP: 2/2
  1004 | D:2      | Noticed Robin
  1007 | D:2      | Reached XP level 4. HP: 38/40 MP: 3/3
  1015 | D:2      | Killed Robin
  1332 | D:2      | Identified the +1 sling of Agut {drain, rElec rN+ rCorr
                  | Str+3}
  1565 | D:2      | Reached XP level 5. HP: 47/47 MP: 4/4
  1638 | D:3      | Slain by a gnoll

Illustrated notes

Levels and vault maps discovered:
D:1:      dpeg_arrival_rooms_with_view, layout_loops_corners,
          minmay_heptomino_w4
D:2:      minmay_razor_zed, layout_rooms, uniq_robin
D:3:      layout_loops_ring, nzn_wu_jian_council_hall, portal_sewer_entry_b

Skill      XL: |  1  2 |
---------------+-------+-----
Fighting       | 4 |  4.7
Armour         | 4 |  4.7
Shields        | 4 |  4.7
Axes           | 3 |  3.7

Action                     |  1- 3 |  4- 6 || total
---------------------------+-------+-------++-------
  Melee: War axe           |    83 |    74 ||   157
         Headbutt          |    13 |    10 ||    23
    Use: Scroll            |       |     1 ||     1
 Armour: Scale mail        |    55 |    64 ||   119
  Dodge: Dodged            |    37 |    37 ||    74
  Block: Buckler           |    13 |    25 ||    38

Table legend: (Time is in decaauts)
 A = Elapsed time spent in this place.
 B = Non-inter-level travel time spent in this place.
 C = Inter-level travel time spent in this place.
 D = Time resting spent in this place.
 E = Time spent auto-exploring this place.
 F = Levels seen in this place.
 G = Mean time per level.
                   A        B        C        D        E       F      G
               +--------+--------+--------+--------+--------+-----+--------+
         Total |   1695 |   1523 |    172 |      7 |   1133 |   3 |  565.0 |
       Dungeon |   1695 |   1523 |    172 |      7 |   1133 |   3 |  565.0 |
               +--------+--------+--------+--------+--------+-----+--------+

Top non-repeatable levels by time:
     D:1: 935 daAuts
     D:2: 745 daAuts
     D:3: 14 daAuts
